 Dungeon Crawl Stone Soup version 0.26-a0-812-g31a745ddcd (webtiles) character file.

Game seed: 16189472478757791381

3286 graki42 the Thaumaturge (level 9, -3/45 HPs)
             Began as a Deep Elf Conjurer on Nov 16, 2020.
             Was a Priest of Sif Muna.
             Slain by a cyclops (27 damage)
             ... on level 8 of the Dungeon.
             The game lasted 00:23:13 (8031 turns).

graki42 the Thaumaturge (Deep Elf Conjurer)         Turns: 8031, Time: 00:23:13

Health: -3/45      AC:  7    Str:  7    XL:     9   Next: 69%
Magic:  5/24       EV: 13    Int: 24    God:    Sif Muna [***...]
Gold:   429        SH:  0    Dex: 13    Spells: 16/27 levels left

rFire    + . .     SeeInvis .   r - +0 whip (venom)
rCold    . . .     Faith    +   (no shield)
rNeg     + . .     Spirit   .   F - +2 robe {rF+}
rPois    .         Reflect  .   j - +1 hat
rElec    .         Harm     .   a - +0 cloak
rCorr    .         Rampage  .   p - +0 pair of gloves
MR       .....                  (no boots)
Stlth    ++........             g - amulet of faith
HPRegen  0.15/turn              u - ring of positive energy
MPRegen  0.19/turn              (no ring)

@: no status effects
A: no striking features
a: Channel Magic, Forget Spell, Renounce Religion


You were on level 8 of the Dungeon.
You worshipped Sif Muna.
Sif Muna was most pleased with you.
You visited 2 branches of the dungeon, and saw 9 of its levels.

You collected 429 gold pieces.

Inventory:

Hand Weapons
 r - a +0 whip of venom (weapon)
Armour
 a - a +0 cloak (worn)
 j - a +1 hat (worn)
 p - a +0 pair of gloves (worn)
 F - a +2 robe of fire resistance (worn)
Jewellery
 f - an uncursed ring of fire
 g - an amulet of faith (around neck)
 u - a ring of positive energy (left hand)
Wands
 t - a wand of digging (3)
 x - a wand of random effects (5)
 B - a wand of acid (5)
 G - a wand of polymorph (15)
Scrolls
 b - 7 scrolls of remove curse {unknown}
 c - 2 scrolls of magic mapping {unknown}
 d - 3 scrolls of identify {unknown}
 l - 2 scrolls of amnesia {unknown}
 n - a scroll of random uselessness {unknown}
 o - 3 scrolls of enchant weapon {unknown}
 v - 5 scrolls of teleportation {unknown}
 y - 3 scrolls of blinking {unknown}
 E - a scroll of enchant armour {unknown}
 H - a scroll of vulnerability {unknown}
Potions
 e - 2 potions of resistance {unknown}
 h - a potion of haste {unknown}
 i - 4 potions of brilliance {unknown}
 k - 3 potions of curing {unknown}
 m - 2 potions of flight {unknown}
 q - a potion of degeneration {unknown}
 s - 3 potions of magic {unknown}
 w - 3 potions of heal wounds
 z - 3 potions of attraction {unknown}
 A - a potion of invisibility {unknown}
 C - a potion of lignification {unknown}
 D - a potion of might {unknown}


   Skills:
 - Level 3.0 Dodging
 - Level 3.0 Stealth
 + Level 9.9 Spellcasting
 * Level 8.3 Conjurations
 + Level 8.7 Hexes
 - Level 5.0 Translocations
 + Level 5.0 Invocations


You had 16 spell levels left.
You knew the following spells:

 Your Spells              Type           Power        Failure   Level
a - Magic Dart            Conj           ####         1%          1
b - Searing Ray           Conj           ######       1%          2
c - Fulminant Prism       Conj/Hex       ######....   1%          4
d - Iskenderun's Mystic   Conj/Tloc      #####...     3%          4

Your spell library contained the following spells:

 Spells                   Type           Power        Failure   Level
 Dazzling Flash           Conj/Hex       ######       1%          3


Dungeon Overview and Level Annotations

Branches:
Dungeon (8/15)             Temple (1/1) D:7
   Lair: D:8-11

Altars:
Ashenzari
Cheibriados
Dithmenos
Elyvilon
Fedhas
Gozag
Hepliaklqana
Kikubaaqudgha
Makhleb
Nemelex Xobeh
Okawaru
Qazlal
Ru
Sif Muna
Trog
Uskayaw
Vehumet
Wu Jian
Xom
Yredelemnul
Zin
The Shining One

Shops:
D:5 =


Message History

Unknown command.
Casting: Iskenderun's Mystic Blast (dangerous; 3% risk of failure)
Confirm with . or Enter, or press ? or * to list all spells.
Aiming: Searing Ray (safe; 1% risk of failure)
Press: ? - help, Shift-Dir - straight line, f - cyclops
Aim: a cyclops, quivering 4 large rocks The searing ray hits the cyclops!
The cyclops is lightly wounded. (Press . to maintain the ray.)
Your fulminant prism explodes!
The blast of energy engulfs the cyclops!
The cyclops is heavily wounded.
Casting: Searing Ray (safe; 1% risk of failure)
Confirm with . or Enter, or press ? or * to list all spells.
Press: ? - help, Dir - move target cursor, p - cyclops You conjure a prism of explosive energy!
A fulminant prism comes into view.
The cyclops hits you!!
Ouch! That really hurt!
You die...

#.# #.# #.# #.# ###
#.# ##
!....######.###....
..................
.###.[#####.#######
....?*C@..........#
.###..#########.#.#
.... #.#.# .###
#.#.# #(#.#
#######.#.######
......††..#.....
######.###.####
#.###.#


You could see a cyclops and a friendly fulminant prism.

Vanquished Creatures
  Grinder (D:4)
  Eustachio (D:4)
  Menkaure (D:4)
  Duvessa (D:7)
  3 sky beasts
  An ice beast (D:7)
  A black bear (D:6)
  An orc warrior (D:7)
  A phantom (D:7)
  4 ogres
  2 centaurs
  6 bullfrogs
  Dowan (D:7)
  A wyvern skeleton (D:5)
  A water moccasin skeleton (D:5)
  2 scorpions
  3 killer bees (D:7)
  A howler monkey (D:6)
  A bullfrog zombie (D:6)
  2 hounds
  2 jellies
  A gnoll shaman (D:8)
  3 orc wizards
  A bullfrog skeleton (D:7)
  Ijyb (D:3)
  4 worker ants
  2 hound skeletons
  11 gnolls
  7 adders
  A shadow imp (D:7)
  3 white imps
  5 worms
  2 dart slugs
  A leopard gecko (D:1)
  24 orcs
  2 ball pythons
  5 giant cockroaches
  6 goblins
  4 hobgoblins
  12 jackals
  5 kobolds
  A quokka (D:4)
  10 bats
  6 frilled lizards
  A jackal skeleton (D:4)
  A leopard gecko skeleton (D:4)
  A leopard gecko zombie (D:5)
  A quokka zombie (D:7)
  17 rats
175 creatures vanquished.

Vanquished Creatures (others)
  8 fulminant prisms
8 creatures vanquished.

Grand Total: 183 creatures vanquished

Notes
Turn   | Place    | Note
-------+----------+-------------------------------------------
     0 | D:1      | graki42 the Deep Elf Conjurer began the quest for the Orb.
     0 | D:1      | Reached XP level 1. HP: 10/10 MP: 6/6
   324 | D:1      | Reached XP level 2. HP: 14/15 MP: 4/8
   424 | D:1      | Learned a level 2 spell: Searing Ray
   700 | D:1      | Reached XP level 3. HP: 11/19 MP: 7/10
  1262 | D:2      | Reached skill level 4 in Spellcasting
  1357 | D:2      | Reached skill level 5 in Conjurations
  1623 | D:2      | Reached XP level 4. HP: 24/24 MP: 9/12
  1654 | D:2      | Learned a level 4 spell: Fulminant Prism
  1659 | D:2      | Learned a level 4 spell: Iskenderun's Mystic Blast
  2272 | D:3      | Reached skill level 1 in Hexes
  2346 | D:3      | Found a sparkling altar of Nemelex Xobeh.
  2406 | D:3      | Reached skill level 1 in Translocations
  2409 | D:3      | Reached XP level 5. HP: 28/28 MP: 5/14
  2704 | D:3      | Reached skill level 5 in Spellcasting
  2836 | D:3      | Noticed Ijyb
  2844 | D:3      | Killed Ijyb
  2922 | D:3      | Noticed a moth of wrath
  2925 | D:3      | Found a bloodstained altar of Trog.
  3047 | D:3      | Found a shimmering blue altar of Sif Muna.
  3054 | D:3      | Reached XP level 6. HP: 32/32 MP: 12/15
  3055 | D:3      | Became a worshipper of Sif Muna the Loreminder
  3632 | D:4      | Noticed Grinder
  3649 | D:4      | Killed Grinder
  3649 | D:4      | Reached skill level 6 in Spellcasting
  3649 | D:4      | Reached XP level 7. HP: 30/36 MP: 2/18
  3806 | D:4      | Found a radiant altar of Vehumet.
  3907 | D:4      | Noticed Menkaure
  3913 | D:4      | Killed Menkaure
  3946 | D:4      | Reached * piety under Sif Muna
  3978 | D:4      | Noticed Eustachio
  3985 | D:4      | Killed Eustachio
  3985 | D:4      | Reached skill level 7 in Spellcasting
  3985 | D:4      | Reached skill level 5 in Hexes
  4127 | D:4      | Reached XP level 8. HP: 41/41 MP: 16/20
  4217 | D:4      | Found a snail-covered altar of Cheibriados.
  4306 | D:5      | Entered Level 5 of the Dungeon
  4951 | D:5      | Reached skill level 5 in Translocations
  5199 | D:5      | Found Duepul's Jewellery Boutique.
  5355 | D:6      | Reached skill level 8 in Spellcasting
  5355 | D:6      | Reached skill level 1 in Invocations
  5588 | D:6      | Reached ** piety under Sif Muna
  6101 | D:6      | Found a shimmering altar of Xom.
  6345 | D:7      | Reached XP level 9. HP: 38/45 MP: 15/23
  6552 | D:7      | Reached skill level 9 in Spellcasting
  7043 | D:7      | Noticed Duvessa
  7043 | D:7      | Noticed Dowan
  7054 | D:7      | Killed Duvessa
  7055 | D:7      | Killed Dowan
  7289 | D:7      | Found a glowing golden altar of the Shining One.
  7306 | D:7      | Found a shadowy altar of Dithmenos.
  7572 | D:7      | Found a staircase to the Ecumenical Temple.
  7577 | Temple   | Entered the Ecumenical Temple
  7941 | D:8      | Reached *** piety under Sif Muna
  7989 | D:8      | Reached skill level 5 in Invocations
  8015 | D:8      | Noticed a cyclops
  8031 | D:8      | Slain by a cyclops

Illustrated notes

Levels and vault maps discovered:
D:1:      lightli_arrival_farm, layout_basic, st_stairs_11
D:2:      layout_basic
D:3:      layout_loops_cross, lemuel_crystal_altar, tgw_trog,
          nemelex_xobeh_ov_fountains_minmay, grunt_ministairs_8, uniq_ijyb
D:4:      layout_gridville, kennysheep_slug_shrine, lemuel_tele_altar,
          uniq_grinder, uniq_menkaure, uniq_eustachio
D:5:      layout_cave_pools, serial_shops, nicolae_shop_behind_doors
D:6:      layout_basic, basic_altar
D:7:      layout_gridville, nicolae_dithmenos_the_darkroom, tso_altar,
          minmay_temple_entry_nine_rooms, uniq_duvessa
D:8:      gammafunk_cloud_chamber, layout_loops_ring, roderic_batcave,
          blue_anna_alchemist [blue_anna_fruit_fields, blue_anna_fruit_fields],
          uniq_prince_ribbit1
Temple:   eino_temple_rhombus

Skill      XL: |  1  2  3  4  5  6  7  8  9 |
---------------+----------------------------+-----
Stealth        | 3 |  3.0
Dodging        | 3 |  3.0
Spellcasting   | 4 5 6 7 8 9 |  9.9
Conjurations   | 5 6 7 8 |  8.3
Hexes          | 1 2 4 5 7 8 |  8.7
Translocations | 1 2 3 4 5 |  5.0
Invocations    | 3 5 |  5.0

Action                   |  1- 3 |  4- 6 |  7- 9 || total
-------------------------+-------+-------+-------++-------
Melee: Whip              |       |     3 |     2 ||     5
 Cast: Magic Dart        |    52 |    58 |    59 ||   169
       Searing Ray       |     5 |    23 |    58 ||    86
       Iskenderun's Myst |       |     1 |     8 ||     9
       Fulminant Prism   |       |     1 |     8 ||     9
 Stab: Sleeping          |       |       |     1 ||     1
Armor: Robe              |       |     4 |     8 ||    12
Dodge: Dodged            |     9 |    12 |    30 ||    51

Table legend: (Time is in decaauts)
 A = Elapsed time spent in this place.
 B = Non-inter-level travel time spent in this place.
 C = Inter-level travel time spent in this place.
 D = Time resting spent in this place.
 E = Time spent auto-exploring this place.
 F = Levels seen in this place.
 G = Mean time per level.
                   A        B        C        D        E       F      G
               +--------+--------+--------+--------+--------+-----+--------+
         Total |   8052 |   7783 |    269 |   1458 |   5374 |   9 |  894.7 |
       Dungeon |   7894 |   7644 |    250 |   1458 |   5236 |   8 |  986.8 |
        Temple |    157 |    138 |     19 |      0 |    138 |   1 |  157.0 |
               +--------+--------+--------+--------+--------+-----+--------+

Top non-repeatable levels by time:
     D:6: 1383 daAuts
     D:1: 1136 daAuts
     D:3: 1098 daAuts
     D:2: 1084 daAuts
     D:7: 1049 daAuts
     D:4: 1002 daAuts
     D:5: 903 daAuts
     D:8: 234 daAuts
  Temple: 157 daAuts
